 Dungeon Crawl Stone Soup version 0.25.1-1-g288607f (webtiles) character file.

Game seed: 8911149769949693416

203 DIPO the Slasher (level 6, -1/52 HPs)
             Began as a Human Chaos Knight on Aug 1, 2020.
             Was a Plaything of Xom.
             Slain by an orc warrior
             ... wielding a +0 trident
              (6 damage)
             ... on level 3 of the Dungeon on Aug 2, 2020.
             The game lasted 00:14:19 (2207 turns).

DIPO the Slasher (Human Chaos Knight)               Turns: 2207, Time: 00:14:20

Health: -1/52      AC:  7    Str: 12    XL:     6   Next: 8%
Magic:  10/10      EV: 12    Int: 12    God:    Xom [..*...]
Gold:   167        SH:  0    Dex: 11    Spells: 7/10 levels left

rFire    + . .     SeeInvis .   a - +0 falchion (chaos)
rCold    . . .     Gourm    .   (no shield)
rNeg     . . .     Faith    .   b - +2 leather armour
rPois    .         Spirit   .   f - +0 helmet (curse)
rElec    .         Reflect  .   (no cloak)
rCorr    .         Harm     .   (no gloves)
MR       .....                  k - +0 pair of boots (curse)
Stlth    ++........             (no amulet)
HPRegen  0.17/turn              p - ring of wizardry
MPRegen  0.12/turn              (no ring)

@: no status effects
A: clumsy 1, fire resistance 1, screaming 1, weak 1
a: Renounce Religion


You were on level 3 of the Dungeon.
You worshipped Xom.
You were a toy of Xom.
You were not hungry.

You visited 1 branch of the dungeon, and saw 3 of its levels.

You collected 167 gold pieces.

Inventory:

Hand Weapons
 a - a +0 falchion of chaos (weapon)
 s - a +1 trident of freezing
 D - a +0 hunting sling
Missiles
 e - 114 arrows
 i - 9 poisoned darts
 j - 70 bolts
 l - 63 stones
 m - 7 silver javelins (quivered)
 u - 17 sling bullets
Armour
 b - a +2 leather armour (worn)
 f - a cursed +0 helmet (worn)
 h - a +0 helmet
 k - a cursed +0 pair of boots (worn)
 B - a +0 ring mail
 F - a +0 animal skin
 G - a +2 leather armour of fire resistance
Magical Staves
 t - an uncursed staff of earth
Jewellery
 p - a ring of wizardry (left hand)
Wands
 E - a wand of flame (2)
Scrolls
 d - a scroll of immolation
 g - a scroll of fear {unknown}
 n - a scroll of noise {unknown}
 q - a scroll of enchant weapon {unknown}
 r - a scroll of remove curse {unknown}
 x - a scroll of teleportation {unknown}
 y - a scroll of blinking {unknown}
 z - a scroll of enchant armour {unknown}
 A - a scroll of identify
Potions
 v - a potion of magic
 C - a potion of mutation {unknown}
Comestibles
 c - 6 rations
 w - 9 chunks of flesh


   Skills:
 + Level 6.0 Fighting
 + Level 6.3 Long Blades
 + Level 3.0 Throwing
 + Level 4.0 Armour
 + Level 3.3 Dodging
 + Level 3.3 Stealth
 + Level 3.0 Unarmed Combat
 + Level 2.7 Spellcasting


You had 7 spell levels left.
You knew the following spells:

 Your Spells              Type           Power        Failure   Level  Hunger
a - Sandblast             Erth           #.....       13%         1    #......
b - Passwall              Tmut/Erth      #.......     19%         2    ###....

Your spell library contained the following spells:

 Spells                   Type           Power        Failure   Level  Hunger
 Stone Arrow              Conj/Erth      #.....       34%         3    ###....
 Petrify                  Tmut/Erth      #.......     75%         4    #####..
 Lee's Rapid Deconstruct  Erth           #.........   96%         5    ######.


Dungeon Overview and Level Annotations

Branches:
Dungeon (3/15)

Altars:
Makhleb
Vehumet


Innate Abilities, Weirdness & Mutations

You are clumsy. (Dex -2)
Your flesh is heat resistant. (rF+)
You occasionally shout uncontrollably at your foes.
You are weak. (Str -2)


Message History

Space warps horribly around the orc warrior!!
The orc warrior is almost dead.
The orc warrior hits you with a +0 trident!
You barely miss the orc warrior.
The orc warrior is almost dead.
The orc wizard casts a cantrip, but nothing happens.
The orc warrior hits you with a +0 trident!
* * * LOW HITPOINT WARNING * * *
You closely miss the orc warrior.
The orc warrior is almost dead.
The orc wizard gestures wildly while chanting.
The orc wizard flickers and vanishes!
Deactivating autopickup; reactivate with Ctrl-A.
The orc warrior hits you with a +0 trident!
* * * LOW HITPOINT WARNING * * *
As you read the scroll labeled ILUKY INESKO, it crumbles to dust.
The dust glows pale aubergine!
It was a scroll of random uselessness.
You hear some strange, mumbled words.
The orc warrior hits you with a +0 trident.
You die...

..#### ##### ...... .{.
.......... ###### ### #o#
#.....#### ....#
#.###@###.#........... #...#
#...............#.....
#.##...#.#.###.###.#..#........
#.##...#.#..#.........#..#.....
#.##...#....#..##.#...#..#...#.
#.##...###..#...#.#...#..#....[
#.###'#.....#.........#..#....#
#.# #)##.##.#...#.###..........
#.# #)#..##.#............###..#


You could see an orc warrior.

Vanquished Creatures
  Jessica (D:2)
  Natasha (D:2)
  Robin (D:3)
  3 adders
  A worm (D:3)
  2 dart slugs (D:2)
  2 orcs (D:3)
  5 giant cockroaches
  14 goblins
  4 hobgoblins
  4 jackals (D:1)
  2 quokkas
  A ball python (D:1)
  7 bats
  3 frilled lizards
  3 kobolds
  10 rats
64 creatures vanquished.

Vanquished Creatures (collateral kills)
  A goblin (D:2)
  A hobgoblin (D:2)
2 creatures vanquished.

Vanquished Creatures (others)
  A giant cockroach (D:2)
1 creature vanquished.

Grand Total: 67 creatures vanquished

Notes
Turn   | Place    | Note
-------+----------+-------------------------------------------
     0 | D:1      | DIPO the Human Chaos Knight began the quest for the Orb.
     0 | D:1      | Reached XP level 1. HP: 18/18 MP: 1/1
   160 | D:1      | Reached XP level 2. HP: 24/24 MP: 2/2
   352 | D:1      | XOM: cloud trail
   592 | D:1      | Reached XP level 3. HP: 27/29 MP: 3/3
   872 | D:2      | XOM: polymorph giant cockroach -> ball python
   902 | D:2      | XOM: 6-stop teleportation journey
   937 | D:2      | Noticed Jessica
   945 | D:2      | Reached skill level 5 in Fighting
   945 | D:2      | Reached skill level 5 in Long Blades
   945 | D:2      | Reached XP level 4. HP: 16/40 MP: 3/8
   954 | D:2      | Killed Jessica
   954 | D:2      | Reached XP level 5. HP: 33/46 MP: 3/9
  1134 | D:2      | XOM: 5-stop teleportation journey
  1313 | D:2      | XOM: silly message
  1466 | D:2      | Found a radiant altar of Vehumet.
  1466 | D:2      | Found a burning altar of Makhleb.
  1468 | D:2      | XOM: give mutations
  1468 | D:2      | Gained mutation: You are clumsy. (Dex -2) [Xom's mischief]
  1468 | D:2      | Gained mutation: You occasionally shout uncontrollably at
                  | your foes. [Xom's mischief]
  1468 | D:2      | Gained mutation: You are weak. (Str -2) [Xom's mischief]
  1468 | D:2      | Gained mutation: Your flesh is heat resistant. (rF+) [Xom's
                  | mischief]
  1580 | D:2      | Noticed Natasha
  1590 | D:2      | Killed Natasha
  1637 | D:2      | XOM: god gift: book of Geomancy
  1645 | D:2      | Learned a level 1 spell: Sandblast
  1648 | D:2      | Learned a level 2 spell: Passwall
  2108 | D:3      | Noticed Robin
  2122 | D:3      | Reached XP level 6. HP: 41/52 MP: 10/10
  2126 | D:3      | Killed Robin
  2200 | D:3      | Noticed an orc warrior
  2207 | D:3      | Slain by an orc warrior

Illustrated notes

Levels and vault maps discovered:
D:1:      lordsloth_arrival_two_stooges, layout_rooms
D:2:      layout_basic, gammafunk_temple_overflow_wave, uniq_jessica,
          uniq_natasha
D:3:      layout_basic, first_ration, kennysheep_generic_room_9, uniq_robin

Skill      XL: |  1  2  3  4  5 |
---------------+----------------+-----
Fighting       | 5 6 |  6.0
Long Blades    | 5 6 |  6.3
Throwing       | 3 |  3.0
Armour         | 3 4 |  4.0
Dodging        | 3 |  3.3
Stealth        | 3 |  3.3
Unarmed Combat | 3 |  3.0
Spellcasting   | 2 |  2.7

Action                   |  1- 3 |  4- 6 || total
-------------------------+-------+-------++-------
Melee: Falchion          |    66 |    85 ||   151
Throw: Javelin           |       |     1 ||     1
  Use: Scroll            |     3 |     2 ||     5
       Potion            |     2 |     1 ||     3
 Stab: Sleeping          |       |     2 ||     2
  Eat: Chunk             |       |     4 ||     4
Armor: Leather armour    |    37 |    23 ||    60
       Skin              |     2 |    11 ||    13
Dodge: Dodged            |    57 |    65 ||   122
       Rpst.: Falchion   |    22 |    22 ||    44
